 Dungeon Crawl Stone Soup version 0.29-a0-88-g03a7b78be7 (webtiles) character file.

Game seed: 11976989280441752560

205 lordive the Ruffian (level 5, -1/49 HPs)
             Began as a Troll Warper on Feb 5, 2022.
             Killed by nerve-wracking pain
             ... invoked by Grinder
              (13 damage)
             ... on level 3 of the Dungeon.
             The game lasted 00:03:18 (1851 turns).

lordive the Ruffian (Troll Warper)                  Turns: 1851, Time: 00:03:19

Health: -1/49      AC:  4    Str: 19    XL:     5   Next: 52%
Magic:  6/6        EV: 10    Int: 11    God:
Gold:   80         SH:  0    Dex:  9    Spells: 6/6 levels left

rFire   . . .      SeeInvis .     - Unarmed
rCold   . . .      Faith    .   (no shield)
rNeg    . . .      Spirit   .   a - +0 robe
rPois   .          Reflect  .   (helmet restricted)
rElec   .          Harm     .   (no cloak)
rCorr   .          Rampage  .   (gloves unavailable)
Will    .....                   (boots unavailable)
Stlth   +.........              (no amulet)
HPRegen 0.96/turn               (no ring)
MPRegen 0.10/turn               (no ring)

@: no status effects
A: large, unfitting armour, claws 3, regeneration 1, shaggy fur 1, tough skin 1
a: no special abilities


You were on level 3 of the Dungeon.
You visited 1 branch of the dungeon, and saw 3 of its levels.

You collected 80 gold pieces.

Inventory:

Missiles
 c - 5 boomerangs of dispersal (quivered)
Armour
 a - a +0 robe (worn)
Jewellery
 n - a +4 ring of protection
Scrolls
 b - a scroll of blinking
 d - 3 scrolls of identify {unknown}
 e - a scroll of immolation {unknown}
 f - a scroll of magic mapping {unknown}
 h - a scroll of amnesia {unknown}
 i - 2 scrolls of holy word {unknown}
 l - a scroll of enchant weapon {unknown}
 m - a scroll of fear {unknown}
Potions
 g - 2 potions of ambrosia {unknown}
 j - a potion of flight {unknown}
 k - a potion of attraction {unknown}


   Skills:
 + Level 2.1 Fighting
 - Level 0.8 Throwing
 + Level 2.5 Dodging
 + Level 0.1 Stealth
 + Level 3.8 Unarmed Combat
 + Level 1.3 Spellcasting
 * Level 3.2 Translocations


You had 6 spell levels left.
You didn't know any spells.
Your spell library contained the following spells:

 Spells                   Type           Power      Damage    Failure   Level
 Blink                    Tloc           14%        N/A       12%         2
 Gell's Gravitas          Tloc           7%         N/A       24%         3
 Lesser Beckoning         Tloc           7%         N/A       24%         3
 Teleport Other           Tloc           7%         N/A       24%         3
 Sublimation of Blood     Necr           0%         N/A       43%         2
 Wereblood                Tmut           0%         N/A       43%         2
 Manifold Assault         Tloc           7%         N/A       92%         5
 Summon Hydra             Summ           0%         N/A       100%        7


Dungeon Overview and Level Annotations

Branches:
Dungeon (3/15)

Altars:
The Shining One

Annotations:
D:3 Grinder


Innate Abilities, Weirdness & Mutations

You are too large for most types of armour.
You have claws for hands.
Your natural rate of healing is unusually fast.
You are covered in fur. (AC +1)
You have tough skin. (AC +1)


Message History

You resist with significant effort. The ball python misses you.
Grinder blinks!
The ball python barely misses you.
You closely miss Grinder. The ball python barely misses you.
You closely miss Grinder. Grinder gestures at you.
You suddenly lose the ability to move!
The ball python bites you but does no damage.
The endoplasm freezes you.
You are frozen.
Grinder hits you.
You writhe in agony.
The ball python bites you. The endoplasm completely misses you.
Grinder hits you but does no damage. The ball python bites you.
The endoplasm barely misses you.
Grinder says, "FISH!"
Grinder hits you! The ball python bites you.
The endoplasm hits you but does no damage.
The ball python bites you. Grinder gestures at you.
Pain shoots through your body! The endoplasm freezes you.
You are frozen.
The ball python bites you. Grinder hits you but does no damage.
The kobold hits you but does no damage.
The ball python bites you but does no damage.
The endoplasm completely misses you.
You can move again.
Grinder hits you!
You writhe in agony.
The kobold hits you with a +0 dagger.
* * * LOW HITPOINT WARNING * * *
You see here a quokka corpse.
Grinder gestures at you. Pain shoots through your body!
* * * LOW HITPOINT WARNING * * *
Unknown command.
Grinder closely misses you.
There is an open door here.
You hear the brisk rusting of a drain nearby.
Grinder gestures at you. Pain shoots through your body!
You die...

#..###.######.##
#.>.....).......
##.#####......#
#.###### ####†#
###+##....#
#.........########
#....)..........)+
#.......@.########
#.........#
#.....5...#
#....S#####
#..(r.# #...g.#
###'#########
#..J........#
#....†......#


You could see Grinder, an endoplasm, a hobgoblin, a ball python and a rat.

Vanquished Creatures
  An ogre (D:3)
  Robin (D:2)
  6 adders
  A dart slug (D:3)
  4 bats
  A giant cockroach (D:2)
  15 goblins
  7 hobgoblins
  4 jackals (D:1)
  2 quokkas
  5 ball pythons
  A frilled lizard (D:3)
  A kobold (D:1)
  4 rats
53 creatures vanquished.

Vanquished Creatures (others)
  A goblin (D:2)
1 creature vanquished.

Grand Total: 54 creatures vanquished

Notes
Turn   | Place    | Note
-------+----------+-------------------------------------------
     0 | D:1      | lordive the Troll Warper began the quest for the Orb.
     0 | D:1      | Reached XP level 1. HP: 19/19 MP: 1/1
   255 | D:1      | Reached XP level 2. HP: 27/27 MP: 2/2
   788 | D:2      | Reached XP level 3. HP: 32/33 MP: 4/4
   945 | D:2      | Identified the +7 whip of Vodka {flame, rElec rN+ Stlth+}
  1052 | D:2      | Noticed Robin
  1069 | D:2      | Killed Robin
  1150 | D:2      | Reached XP level 4. HP: 42/42 MP: 5/5
  1270 | D:2      | Found a faded altar of an unknown god.
  1492 | D:3      | Noticed an ogre
  1582 | D:3      | Found a glowing golden altar of the Shining One.
  1645 | D:3      | Killed an ogre
  1646 | D:3      | Reached XP level 5. HP: 49/49 MP: 6/6
  1807 | D:3      | Noticed Grinder
  1836 | D:3      | Paralysed by Grinder for 5 turns
  1851 | D:3      | Killed from afar by Grinder

Illustrated notes

Levels and vault maps discovered:
D:1:      minmay_arrival_doors, layout_loops_ring, minmay_misc_feat_diagonals,
          minivault_14
D:2:      layout_loops_ring, shapermc_ecumenical_altar_totnotflames,
          grunt_ministairs_1, st_stairs_2, uniq_robin
D:3:      layout_basic, lemuel_crystal_altar, gup_sewer_entry_spiral,
          minmay_fractal_squares_diagonal_5, uniq_grinder

Skill      XL: |  1  2  3  4 |
---------------+-------------+-----
Dodging        | 2 |  2.5
Translocations | 3 |  3.2
Unarmed Combat | 3 |  3.8
Fighting       | 2 |  2.1
Throwing       | |  0.8
Stealth        | |  0.1
Spellcasting   | |  1.3

Action                   |  1- 3 |  4- 6 || total
-------------------------+-------+-------++-------
Melee: Unarmed           |   131 |    53 ||   184
Armor: Robe              |    65 |    26 ||    91
Dodge: Dodged            |    66 |    48 ||   114

Table legend: (Time is in decaauts)
 A = Elapsed time spent in this place.
 B = Non-inter-level travel time spent in this place.
 C = Inter-level travel time spent in this place.
 D = Time resting spent in this place.
 E = Time spent auto-exploring this place.
 F = Levels seen in this place.
 G = Mean time per level.
                   A        B        C        D        E       F      G
               +--------+--------+--------+--------+--------+-----+--------+
         Total |   1841 |   1790 |     51 |      0 |   1319 |   3 |  613.7 |
       Dungeon |   1841 |   1790 |     51 |      0 |   1319 |   3 |  613.7 |
               +--------+--------+--------+--------+--------+-----+--------+

Top non-repeatable levels by time:
     D:2: 806 daAuts
     D:1: 675 daAuts
     D:3: 359 daAuts
